 Dungeon Crawl Stone Soup version 0.30-a0-1160-g6e42c06551 (webtiles) character file.

Game seed: 4508104002020509931

95 jimonade the Trooper (level 4, -6/36 HPs)
             Began as a Mummy Monk on Apr 26, 2023.
             Killed by divine providence
             ... invoked by an orc priest
              (9 damage)
             ... on level 3 of the Dungeon.
             The game lasted 00:02:30 (1714 turns).

jimonade the Trooper (Mummy Monk)                   Turns: 1714, Time: 00:02:31

Health: -6/36      AC:  7    Str: 14    XL:     4   Next: 40%
Magic:  4/4        EV: 16    Int: 11    God:
Gold:   124        SH:  0    Dex: 14    Spells: 3/3 levels left

rFire   . . .        a - +0 mace
rCold   + . .        c - orb {light}
rNeg    + + +        r - +0 ring mail
rPois   ∞            m - +0 helmet
rElec   .            (no cloak)
rCorr   .            i - +0 pair of gloves
SInv    .            (no boots)
Will    .....        (no amulet)
Stlth   +            l - ring of protection from fire
HPRegen 0.26/turn    p - +5 ring of evasion
MPRegen 0.09/turn

%: faith
@: glowing
A: cold resistance 1, negative energy resistance 3, torment resistance 2, heat
vulnerability 1, in touch with death 1, no potions, faith
a: no special abilities


You were on level 3 of the Dungeon.
You visited 1 branch of the dungeon, and saw 3 of its levels.

You collected 124 gold pieces.

Inventory:

Hand Weapons
 a - a +0 mace (weapon)
 f - a +0 short sword
 k - a +0 quarterstaff
 n - a +0 spear
 o - a +0 mace
 w - a +2 heavy flail
 x - a +0 whip
Missiles
 g - 10 stones (quivered)
 q - 9 boomerangs
 t - 2 poisoned darts
Armour
 b - a +0 robe
 c - an orb of light (worn)
 i - a +0 pair of gloves (worn)
 m - a +0 helmet (worn)
 r - a +0 ring mail (worn)
Jewellery
 l - a ring of protection from fire (left hand)
 p - a +5 ring of evasion (right hand)
Scrolls
 d - 2 scrolls of identify {unknown}
 e - a scroll of teleportation {unknown}
 h - a scroll of acquirement {unknown}
 j - a scroll of vulnerability {unknown}
 s - a scroll of enchant armour {unknown}
 u - a scroll of magic mapping {unknown}
 v - a scroll of amnesia {unknown}


   Skills:
 + Level 3.6 Fighting
 + Level 3.5 Maces & Flails
 + Level 3.0 Dodging
 + Level 0.1 Stealth


You had 3 spell levels left.
You didn't know any spells.
Your spell library contained the following spells:

 Spells                   Type           Power      Damage    Failure   Level
 Manifold Assault         Tloc           0%         N/A       100%        4
 Dispersal                Tloc           0%         N/A       100%        6
 Disjunction              Tloc           0%         N/A       100%        8


Dungeon Overview and Level Annotations

Branches:
Dungeon (3/15)

Altars:


Innate Abilities, Weirdness & Mutations

You are immune to poison.
Your flesh is cold resistant. (rC+)
You are immune to negative energy. (rN+++)
You are immune to unholy pain and torment.
You are vulnerable to heat. (rF-)
You are in touch with the powers of death.
You do not drink.
You have a special connection with the divine. (Faith)


Message History

The ball python moves out of view.
You barely miss the orc priest.
The orc priest is moderately wounded.
The orc priest hits you with a +0 club. The orc priest hits you with a +0 club.
An orc comes into view. It is wielding a +0 whip.
The orc shouts!
You hear a shout!
The orc priest barely misses you.
The orc moves out of view.
You hear a shout! x3
Items here: $ )) †.
The orc priest attacks as you move away!
The orc priest closely misses you. 2 orcs come into view.
The orc shouts!
An orc comes into view. It is wielding a +0 whip.
An orc comes into view. It is wielding a +0 dagger.
The orc shouts!
You hear a shout!
You hear an angry hiss.
The bat closely misses you.
You hit the bat.
The bat is severely wounded.
The bat barely misses you. The rat completely misses you.
The orc priest miscasts a cantrip.
The rat barely misses you. The rat attacks as you move away!
The rat barely misses you. The bat misses you. The bat closely misses you.
The orc priest invokes the aid of Beogh against you.
Beogh smites you! The rat attacks as you move away!
The rat bites you but does no damage.
The orc priest mumbles some strange prayers to Beogh against you.
Beogh smites you!
* * * LOW HITPOINT WARNING * * *
The bat misses you. The bat attacks as you move away!
The bat completely misses you. The bat hits you but does no damage.
The rat twitches its whiskers.
The orc priest calls down the wrath of Beogh upon you.
Beogh smites you!
You die...

#############.
##..og....go..$
####S..##)####o#o.
#..r.....†..#
#@##....###.#
#.###.#.##....o...
##.###.#.##..##{##.
##...##.#.##..# .#
##.#.#.#...##..# ..
#..........##..# .
#..#.#.##.###..#
#<#...###.# #..#
#.##.####.#


You could see an orc priest, a goblin, a ball python and a rat.

Vanquished Creatures
  An orc priest (D:3)
  An adder (D:2)
  2 worms (D:2)
  3 dart slugs (D:2)
  4 orcs (D:3)
  5 bats
  6 endoplasms
  A giant cockroach (D:2)
  3 goblins
  3 hobgoblins
  A quokka (D:1)
  3 ball pythons
  A frilled lizard (D:2)
  4 kobolds (D:1)
  2 rats (D:2)
40 creatures vanquished.

Notes
Turn   | Place    | Note
-------+----------+-------------------------------------------
     0 | D:1      | jimonade the Mummy Monk began the quest for the Orb.
     0 | D:1      | Reached XP level 1. HP: 18/18 MP: 1/1
   359 | D:1      | Reached XP level 2. HP: 21/24 MP: 2/2
   858 | D:2      | Gained mutation: You are in touch with the powers of death.
                  | [Mummy growth]
   858 | D:2      | Reached XP level 3. HP: 23/29 MP: 3/3
  1679 | D:3      | Reached XP level 4. HP: 36/36 MP: 4/4
  1714 | D:3      | Killed from afar by an orc priest

Illustrated notes

Levels and vault maps discovered:
D:1:      psy_arrival_fountain, layout_basic,
          hangedman_abyss_or_decor_lesser_grid, nrook_mini_vaults,
          item_on_display_a
D:2:      layout_loops_ring
D:3:      layout_loops_ring, nicolae_overflow_quartered_altars, uniq_natasha

Skill      XL: |  1  2  3  4 |
---------------+-------------+-----
Maces & Flails | 3 |  3.5
Dodging        | 3 |  3.0
Fighting       | |  3.6
Stealth        | |  0.1

Action                     |  1- 3 |  4- 6 || total
---------------------------+-------+-------++-------
  Melee: Mace              |   109 |     7 ||   116
 Armour: Robe              |    14 |       ||    14
         Ring mail         |     3 |     2 ||     5
  Dodge: Dodged            |    79 |    13 ||    92

Table legend: (Time is in decaauts)
 A = Elapsed time spent in this place.
 B = Non-inter-level travel time spent in this place.
 C = Inter-level travel time spent in this place.
 D = Time resting spent in this place.
 E = Time spent auto-exploring this place.
 F = Levels seen in this place.
 G = Mean time per level.
                   A        B        C        D        E       F      G
               +--------+--------+--------+--------+--------+-----+--------+
         Total |   1741 |   1634 |    107 |      0 |   1251 |   3 |  580.3 |
       Dungeon |   1741 |   1634 |    107 |      0 |   1251 |   3 |  580.3 |
               +--------+--------+--------+--------+--------+-----+--------+

Top non-repeatable levels by time:
     D:2: 829 daAuts
     D:1: 793 daAuts
     D:3: 118 daAuts
